 Dungeon Crawl Stone Soup version 0.29-a0-275-g389c0b56f3 (webtiles) character file.

Game seed: 14762499155492939869

396534 Zonian the Nimble (level 22, -12/182 HPs)
             Began as a Demonspawn Ice Elementalist on Mar 8, 2022.
             Was an Elder of Ashenzari.
             Killed from afar by a deep elf sorcerer (22 damage)
             ... with a bolt of acid
             ... on level 5 of the Vaults on Mar 13, 2022.
             The game lasted 06:07:23 (109750 turns).

Zonian the Nimble (Demonspawn Ice Elementalist)   Turns: 109750, Time: 06:07:24

Health: -12/182    AC: 14    Str: 11    XL:     22   Next: 19%
Magic:  14/43      EV: 22    Int: 25    God:    Ashenzari [****..]
Gold:   1082       SH: 13    Dex: 17    Spells: 0/55 levels left

rFire   . . .      SeeInvis +   o - +8 mithril axe "Arga" {speed, Will+}
rCold   . . .      Faith    .   Y - +1 kite shield {reflect}
rNeg    + . .      Spirit   .   h - +2 robe of the Shackled Planets {Archmagi, Self, Evo} (curse)
rPois   +          Reflect  +   E - +2 hood of the Assassin {Detection Stab+ Stlth++, Fort, Cun} (curse)
rElec   .          Harm     .   (cloak unavailable)
rCorr   +          Rampage  .   a - +2 pair of gloves "Eternal With Me" {Melee, Range} (curse)
Will    ++...      Archmagi +   u - +1 pair of boots "Tethered Abstinence" {Melee, Self} (curse)
Stlth   +++++..... Clarity  +   k - amulet of the Shackled Gloom {Acrobat Slay+5, Elem, Bglg} (curse)
HPRegen 0.40/turn               W - ring of Ashenzari's Suspicion {Wiz Contam rN+ Int+2 Slay+4, Fort, Comp} (curse)
MPRegen 0.28/turn               g - ring "Buatef" {rPois rCorr EV+4 Str-3 Dex+4}

@: brilliant, about to teleport, constricted
A: icy blue scales 2, foul stench 3, demonic magic 2, weakness stinger 3
}: 2/15 runes: decaying, serpentine
a: Renounce Religion, Curse Item, Shatter the Chains


You were on level 5 of the Vaults.
You worshipped Ashenzari.
Ashenzari was greatly pleased with you.
You visited 7 branches of the dungeon, and saw 39 of its levels.

You collected 4481 gold pieces.
You spent 3399 gold pieces at shops.

Inventory:

Hand Weapons
 b - a +3 broad axe of draining
 c - the +8 hand crossbow of Kosiw {freeze, rN+}
   (You took it off a naga on level 4 of the Snake Pit)

   Any ammunition fired from it freezes those it strikes, dealing additional
   cold damage.
   It can also slow down cold-blooded creatures.
   rN:        It protects you from negative energy.
 j - the +9 dagger "Kamaanuj" {flame, Int+4}
   (You took it off a deep elf zephyrmancer on level 3 of the Elven Halls)

   It burns those it strikes, dealing additional fire damage.
   Int:       It affects your intelligence (+4).
 l - the +7 short sword of Yhittim {vamp, Str+6}
   (You found it on level 4 of the Swamp)

   It occasionally heals its wielder for a portion of the damage dealt when it
   wounds a living foe.
   Str:       It affects your strength (+6).
 m - the +7 whip of Eternal Harmony {elec, *Slow rC+ Dex+4}
   (You found it on level 2 of the Elven Halls)

   It occasionally discharges a powerful burst of electricity upon striking a
   foe.
   Dex:       It affects your dexterity (+4).
   rC:        It protects you from cold.
   *Slow:     It may slow you when you take damage.
 o - the +8 mithril axe "Arga" (weapon) {speed, Will+}
   (You bought it in a shop on level 2 of the Orcish Mines)

   Attacks with this weapon are significantly faster.
   Will:      It increases your willpower.
 L - a +1 demon whip of venom
 P - a +2 scimitar of flaming
 Z - a +7 spectral quarterstaff
Missiles
 f - 6 silver javelins
 B - 3 throwing nets
 F - 7 curare-tipped darts
Armour
 a - the cursed +2 pair of gloves "Eternal With Me" (worn) {Melee, Range}
   (You found it on level 1 of the Lair of Beasts)

   It has a curse which improves the following skills: Melee Combat: Short
   Blades, Long Blades, Axes, Maces & Flails, Polearms, Staves and Unarmed
   Combat.
   Ranged Combat: Slings, Bows, Crossbows and Throwing.
 h - the cursed +2 robe of the Shackled Planets (worn) {Archmagi, Self, Evo}
   (You found it on level 1 of the Dungeon)

   It has a curse which improves the following skills: Introspection: Fighting
   and Spellcasting.
   Evocations: Evocations.
 u - the cursed +1 pair of boots "Tethered Abstinence" (worn) {Melee, Self}
   (You found it on level 3 of the Dungeon)

   It has a curse which improves the following skills: Melee Combat: Short
   Blades, Long Blades, Axes, Maces & Flails, Polearms, Staves and Unarmed
   Combat.
   Introspection: Fighting and Spellcasting.
 E - the cursed +2 hood of the Assassin (worn) {Detection Stab+ Stlth++, Fort, Cun}
   (You found it on level 6 of the Lair of Beasts)

   It allows the wearer to sense nearby creatures.
   It allows the wearer to make particularly effective stabbing attacks against
   helpless or unaware enemies with any weapon.
   Stlth:     It makes you much more stealthy.
   It has a curse which improves the following skills: Fortitude: Armour and
   Shields.
   Cunning:   Dodging and Stealth.
 Y - a +1 kite shield of reflection (worn)
Magical Staves
 M - a staff of conjuration
Jewellery
 g - the ring "Buatef" (right hand) {rPois rCorr EV+4 Str-3 Dex+4}
   (You bought it in a shop on level 1 of the Snake Pit)

   [ring of evasion]

   EV:        It affects your evasion (+4).
   Str:       It affects your strength (-3).
   Dex:       It affects your dexterity (+4).
   rPois:     It protects you from poison.
   rCorr:     It protects you from acid and corrosion.
 k - the cursed amulet of the Shackled Gloom (around neck) {Acrobat Slay+5, Elem, Bglg}
   (You acquired it on level 5 of the Dungeon)

   [amulet of the acrobat]

   It increases your evasion while moving and waiting.
   Slay:      It affects your accuracy & damage with ranged weapons and melee
   (+5).
   It has a curse which improves the following skills: Elements: Fire Magic, Ice
   Magic, Air Magic and Earth Magic.
   Beguiling: Conjurations, Hexes and Translocations.
 C - a ring of protection from fire
 U - a ring of ice
 W - the cursed ring of Ashenzari's Suspicion (left hand) {Wiz Contam rN+ Int+2 Slay+4, Fort, Comp}
   (You bought it in a shop on level 1 of the Snake Pit)

   [ring of wizardry]

   It improves your spell success rate.
   Int:       It affects your intelligence (+2).
   Slay:      It affects your accuracy & damage with ranged weapons and melee
   (+4).
   rN:        It protects you from negative energy.
   Contam:    It causes magical contamination when unequipped.
   It has a curse which improves the following skills: Fortitude: Armour and
   Shields.
   Companions: Summonings and Necromancy.
Wands
 w - a wand of paralysis (29)
 x - a wand of flame (122)
 D - a wand of mindburst (4)
 R - a wand of digging (27)
 T - a wand of acid (12)
 V - a wand of iceblast (6)
 X - a wand of polymorph (13)
Scrolls
 i - 7 scrolls of teleportation
 p - 2 scrolls of silence
 y - 4 scrolls of magic mapping
 N - a scroll of fog
 Q - 5 scrolls of fear
Potions
 d - 5 potions of might
 e - 4 potions of curing
 n - a potion of heal wounds
 q - 5 potions of brilliance
 r - a potion of ambrosia
 s - 2 potions of invisibility
 t - 4 potions of flight
 v - 4 potions of berserk rage
 z - 6 potions of magic
 I - a potion of haste
 O - 4 potions of cancellation
Miscellaneous
 G - a lightning rod (3/4)
 J - a tin of tremorstones (inert)


   Skills:
 + Level 14.5(17.3) Fighting
 - Level 2.5(4.9) Short Blades
 + Level 12.4(15.3) Axes
 - Level 7.5(10.5) Staves
 + Level 5.1(7.0) Crossbows
 - Level 14.8(16.7) Dodging
 - Level 2.8(4.4) Stealth
 - Level 6.9(10.0) Shields
 + Level 14.2(17.1) Spellcasting
 - Level 13.4(15.3) Conjurations
 - Level 11.3(13.2) Necromancy
 - Level 9.9(11.9) Translocations
 - Level 2.5(4.1) Fire Magic
 - Level 12.8(14.7) Ice Magic
 - Level 8.5(10.5) Air Magic
 - Level 7.7(9.8) Earth Magic
 - Level 6.9(9.0) Evocations


You couldn't memorise any spells.
You knew the following spells:

 Your Spells              Type           Power      Damage    Failure   Level
a - Freeze                Ice            100%       1d11      0%          1
b - Frozen Ramparts       Ice            100%       1d12      1%          3
c - Ozocubu's Armour      Ice            100%       N/A       1%          3
d - Hailstorm             Conj/Ice       100%       3d20      1%          4
e - Freezing Cloud        Conj/Ice/Air   58%        6-21      1%          5
f - Airstrike             Air            52%        N/A       1%          4
g - Teleport Other        Tloc           100%       N/A       1%          3
h - Dispersal             Tloc           55%        N/A       2%          6
i - Sticky Flame          Conj/Fire      100%       2d11      1%          4
j - Lightning Bolt        Conj/Air       57%        1d79      1%          5
k - Iron Shot             Conj/Erth      56%        9d11      1%          6
l - Borgnjor's Vile Clut  Necr/Erth      54%        N/A       1%          5
m - Death Channel         Necr           57%        N/A       1%          6

Your spell library contained the following spells:

 Spells                   Type           Power      Damage    Failure   Level
 Searing Ray              Conj           100%       2d8       0%          2
 Shock                    Conj/Air       100%       1d9       1%          1
 Summon Small Mammal      Summ           100%       N/A       1%          1
 Passwall                 Tmut/Erth      66%        N/A       1%          2
 Scorch                   Fire           100%       2d10      1%          2
 Static Discharge         Conj/Air       100%       N/A       1%          2
 Conjure Flame            Conj/Fire      100%       6-21      1%          3
 Dazzling Flash           Conj/Hex       100%       N/A       1%          3
 Gell's Gravitas          Tloc           100%       N/A       1%          3
 Mephitic Cloud           Conj/Pois/Air  98%        N/A       1%          3
 Swiftness                Air            100%       N/A       1%          3
 Animate Dead             Necr           57%        N/A       1%          4
 Flame Wave               Conj/Fire      100%       2d17      1%          4
 Agony                    Necr           100%       N/A       1%          5
 Fireball                 Conj/Fire      51%        3d20      1%          5
 Iskenderun's Battlesphe  Conj           100%       2d15      1%          5
 Conjure Ball Lightning   Conj/Air       57%        3x3d21    1%          6
 Simulacrum               Ice/Necr       58%        N/A       1%          6
 Animate Armour           Summ/Erth      100%       N/A       2%          4
 Ignite Poison            Fire/Tmut/Pois 59%        N/A       3%          3
 Orb of Destruction       Conj           60%        9d15      3%          7
 Call Canine Familiar     Summ           50%        N/A       6%          3
 Confusing Touch          Hex            50%        N/A       6%          3
 Summon Guardian Golem    Hex/Summ       50%        N/A       6%          3
 Silence                  Hex/Air        41%        N/A       6%          5
 Starburst                Conj/Fire      51%        6d14      6%          6
 Yara's Violent Unravell  Hex/Tmut       24%        3d11      45%         5
 Alistair's Intoxication  Tmut/Pois      32%        N/A       47%         5
 Blade Hands              Tmut           24%        N/A       47%         5
 Spellforged Servitor     Conj/Summ      47%        N/A       56%         7
 Lehudib's Crystal Spear  Conj/Erth      56%        10d13     58%         8
 Maxwell's Capacitive Co  Air            52%        ∞         86%         8
 Summon Cactus Giant      Summ           25%        N/A       94%         6
 Eringya's Noxious Bog    Tmut/Pois      24%        N/A       95%         6
 Polar Vortex             Ice            59%        N/A       99%         9
 Enfeeble                 Hex            25%        N/A       100%        7


Dungeon Overview and Level Annotations

Branches:
Dungeon (15/15)            Temple (0/1) D:5            Lair (6/6) D:8
  Swamp (4/4) Lair:4        Snake (4/4) Lair:2        Slime (0/5) Lair:5
    Orc (2/2) D:9             Elf (3/3) Orc:2        Vaults (5/5) D:13
  Crypt (0/3) Vaults:2     Depths (0/4) D:15

Altars:
Ashenzari
Cheibriados
Dithmenos
Gozag
Hepliaklqana
Kikubaaqudgha
Makhleb
Okawaru
Qazlal
Ru
Trog
Vehumet
Wu Jian
Yredelemnul
Zin
Beogh

Shops:
D:3 ([!   D:6 *   D:7 ?   D:9 *   D:11 *:=[(   Orc:2 ((?[(*:!   Snake:1 ==:=
Vaults:1 *   Vaults:2 [

Portals:
Trove: Vaults:2 (give +5 demon blade)

Annotations:
D:3 1 runed translucent door, Crazy Yiuf
D:12 3 runed translucent doors, WindUpCitrus's ghost, journeyman MiHu
Swamp:4 1 runed translucent door
Snake:3 drugrobin's ghost, adept DgFi
Vaults:5 Xtahua


Innate Abilities, Weirdness & Mutations

You are mostly covered in icy blue scales. (AC +3)
You frequently emit foul miasma when damaged in melee.
Spells you cast may paralyse nearby enemies.
You have a sharp stinger which inflicts weakening toxins.


Message History

The burst of rock shards engulfs you but does no damage.
You hear a deafening roar!
The burst of rock shards engulfs the lich.
The burst of rock shards engulfs the vault guard.
The burst of rock shards engulfs the lich but does no damage.
The burst of rock shards engulfs the vault guard.
The burst of rock shards engulfs the lich!
The burst of rock shards engulfs the vault guard!
The tin is emptied!
You hear an angry hiss.
You hear a deafening roar!
You hear two shouts!
The lich completely misses you.
Casting: Dispersal (mildly dangerous; 2% risk of failure)
Confirm with . or Enter, or press ? or * to list all spells.
Casting: Dispersal (mildly dangerous; 2% risk of failure)
Press: ? - help, Dir - look around, f - activate You feel a strong surge of power!
The lich blinks!
The tentacled monstrosity blinks!
The vault guard disappears!
Malevolent energies surge around you.
Unknown command.
Okay, then.
Casting: Dispersal (mildly dangerous; 2% risk of failure)
Confirm with . or Enter, or press ? or * to list all spells.
Aiming: Iron Shot (mildly dangerous; 1% risk of failure)
Press: ? - help, Shift-Dir - straight line, f - lich
Aim: a lich (purple smoke, moderately damaged, fast, 79% to hit)
You feel a strong surge of power!
The iron shot hits the lich!!!
The lich is almost destroyed.
Malevolent energies surge around you.
A golden dragon comes into view.
You block the lich's attack.
A deep elf sorcerer comes into view. It is wielding a +0 dagger.
As you read the scroll of teleportation, it crumbles to dust.
You feel strangely unstable.
You block the tentacled monstrosity's attack. x3
The tentacled monstrosity grabs you.
The tentacled monstrosity constricts you.
* * * LOW HITPOINT WARNING * * *
The deep elf sorcerer points at you and mumbles some strange words.
The bolt of acid hits you!! You resist.
You die...

#....#################
##..)..................
##..#..X....)...)......
##.)#.§#########...####
##.)#.†#)()D{..#...#...
##.)#§§#)∆,,,,.#.{.#,,,
##).#§.#(,,,,,.#...#,,,
##))#§X#.,,,,,.##)##,,,
##..#§@#.,,,,,...X..,,,
##..#.L##******,....#**
##..#§D§§,,,,,*,....#,,
##..#e§§§,,,,,*,,...#,,
##..#.....,,,,*,,...#,,
##..#.)####****,,c..#**
##..#.L#,,,,,,,,,,,,,,,
##..#..#,,,,,,,*****,,,
##.D#.,*,,,,,,,*,,,*,,,


You could see a tentacled monstrosity, a golden dragon, a lich (fast) and a deep
elf sorcerer.

Vanquished Creatures
  Nikola (Swamp:2)
  A bone dragon (Swamp:4)
  Rupert (D:13)
  A lich (Vaults:1)
  3 deep elf blademasters
  A deep elf master archer (Elf:3)
  2 tentacled monstrosities (Vaults:5)
  2 titans
  3 sphinxes
  A thorn hunter (Swamp:3)
  Donald (Elf:2)
  2 tengu reavers (Vaults:5)
  A fire giant (D:15)
  The ghost of BubbleThief the Bludgeoner, a journeyman OgBe of Trog (D:13)
  6 fenstrider witches
  8 nagarajas
  2 deep elf sorcerers (Elf:3)
  An orc warlord (Vaults:1)
  2 frost giants
  Aizul (Vaults:4)
  19 vault wardens
  An iron dragon (Vaults:5)
  4 deep elf elementalists
  16 ironbound preservers
  7 ghouls
  7 very ugly things
  Nessos (D:13)
  6 eleionomae
  5 ironbound thunderhulks
  A stone giant (Vaults:1)
  7 deep elf demonologists
  13 deep elf annihilators
  4 bunyips
  12 dire elephants
  The ghost of Hemag the Peltast, a journeyman MiBe of Trog (D:13)
  5 deep elf death magi (Elf:3)
  An ettin (Vaults:5)
  3 crystal guardians (Vaults:4)
  11 yaktaur captains
  A fire dragon (D:13)
  6 deep elf high priests (Elf:3)
  3 peacekeepers (Vaults:4)
  6 great orbs of eyes
  10 hydras
  16 naga warriors
  2 boulder beetles
  6 anacondas
  2 salamander tyrants
  39 vault guards
  7 ogre magi
  3 ghost crabs
  8 ironbound frosthearts
  14 centaur warriors
  8 alligators
  A deep troll earth mage (Vaults:1)
  26 dancing weapons
  A spriggan berserker (Swamp:4)
  The ghost of sokol815 the Basher, a journeyman OpAM (D:8)
  2 tengu warriors (D:13)
  19 two-headed ogres
  3 death yaks (Lair:5)
  9 shock serpents
  2 orc high priests
  18 naga sharpshooters
  10 deep elf knights
  Amaemon (D:12)
  2 salamander mystics (Snake:1)
  6 skeletal warriors
  7 goliath frogs
  2 spriggan druids
  A shadow wraith (Vaults:5)
  2 death drakes
  5 bog bodies
  5 sea snakes
  2 spriggan simulacra (Snake:2)
  A flayed ghost (Vaults:5)
  2 naga ritualists
  3 swamp dragons
  2 orange crystal statues (D:13)
  41 deep trolls
  A glowing orange brain (D:15)
  8 lindwurms
  3 spectral hydras (Swamp:4)
  4 wizards
  20 ironbound convokers
  Pikel (D:7)
  9 deep elf archers
  6 orc knights
  9 harpies
  A necromancer (Vaults:1)
  25 deep elf zephyrmancers
  2 phantasmal warriors (Swamp:4)
  A wolf spider (D:13)
  29 deep elf pyromancers
  A human zombie (Vaults:1)
  3 will-o-the-wisps
  10 mana vipers
  40 ugly things
  2 orc sorcerers
  A cyclops (shapeshifter) (D:15)
  6 manticores
  10 salamanders
  6 cyclopes
  8 guardian serpents
  15 elephants
  44 black mambas
  21 vault sentinels
  An orange demon (D:12)
  3 torpor snails
  5 swamp worm zombies (Swamp:4)
  2 gargoyles (D:13)
  A human skeleton (Vaults:1)
  16 naga magi
  26 cane toads
  Maggie (D:6)
  7 kobold demonologists
  An anaconda simulacrum (Snake:2)
  An efreet (D:13)
  9 komodo dragons
  44 yaktaurs
  2 freezing wraiths
  A tengu conjurer (D:15)
  5 rime drakes
  3 hydra zombies (Swamp:4)
  A queen bee (Lair:4)
  A merfolk (shapeshifter) (D:15)
  A polar bear (Lair:4)
  3 hornets
  3 meliai (Lair:4)
  A bloated husk (Swamp:4)
  Prince Ribbit (D:6)
  6 trolls
  3 saltlings (Elf:2)
  15 tyrant leeches
  49 slime creatures
  2 spectral swamp dragons (Swamp:4)
  An alligator zombie (Swamp:4)
  26 blink frogs
  A dream sheep (shapeshifter) (Elf:2)
  8 dream sheep
  A vampire (D:9)
  5 spriggans
  7 wyverns
  A water elemental (Elf:3)
  A wraith (D:13)
  2 shadows
  3 fire elementals
  2 human simulacra (Vaults:1)
  24 yaks
  2 minotaur simulacra (Snake:2)
  2 basilisks (shapeshifter)
  7 basilisks
  2 steam dragons
  2 fire bats (Lair:6)
  21 vampire mosquitoes
  A harpy simulacrum (Snake:2)
  A warg (Orc:2)
  15 swamp worms
  62 nagas
  9 water moccasins
  An acid dragon (D:11)
  2 sky beasts
  2 swamp drakes
  2 black bears
  An alligator simulacrum (Snake:2)
  An ice beast (D:6)
  24 orc warriors
  9 wolves (Lair:4)
  26 ogres
  14 centaurs
  4 swamp dragon zombies (Swamp:4)
  5 phantoms (Swamp:4)
  8 kobold brigands
  Blork the orc (D:6)
  13 bullfrogs
  3 gnoll sergeants
  A deep troll simulacrum (Snake:2)
  4 scorpions
  2 wights (D:9)
  33 killer bees
  5 electric eels
  4 howler monkeys
  A jelly (D:7)
  22 orc priests
  4 hounds
  A gnoll shaman (D:8)
  Ijyb (D:3)
  4 iguanas
  22 orc wizards
  A spectral swamp drake (Swamp:4)
  5 adders
  24 gnolls
  A river rat (Lair:4)
  2 swamp drake zombies (Swamp:4)
  A shadow imp (D:7)
  A white imp (D:6)
  2 ufetubi
  3 worms
  3 dart slugs
  89 orcs
  5 endoplasms
  4 giant cockroaches
  6 goblins
  4 hobgoblins
  4 jackals (D:2)
  2 quokkas
  3 ball pythons
  7 bats
  5 frilled lizards
  13 kobolds
  9 rats
  2 toadstools (D:1)
1592 creatures vanquished.

Vanquished Creatures (collateral kills)
  A vault warden (Vaults:3)
  A cyclops (D:15)
  A naga mage (Snake:3)
  A yaktaur (Vaults:3)
  An orc (D:9)
5 creatures vanquished.

Vanquished Creatures (others)
  Asterion (Elf:2)
  3 deep elf knights (Elf:2)
  A goliath frog (Swamp:1)
  A deep elf pyromancer (Elf:2)
  A phantasmal warrior (Vaults:1)
  3 bloated husks
  A naga (Snake:4)
  A phantom (Swamp:4)
  9 foxfires
  52 fungi
  134 plants
  2 toadstools (D:1)
  6 withered plants (D:14)
215 creatures vanquished.

Grand Total: 1812 creatures vanquished

Notes
Turn   | Place    | Note
-------+----------+-------------------------------------------
     0 | D:1      | Zonian the Demonspawn Ice Elementalist began the quest for
                  | the Orb.
     0 | D:1      | Reached XP level 1. HP: 13/13 MP: 3/3
   425 | D:1      | Gained mutation: You have a small tail. [demonic ancestry]
   425 | D:1      | Reached XP level 2. HP: 19/19 MP: 1/5
   676 | D:1      | Found a faded altar of an unknown god.
  1913 | D:2      | Gained mutation: You may rarely emit foul miasma when
                  | damaged in melee. [demonic ancestry]
  1913 | D:2      | Reached XP level 3. HP: 18/24 MP: 2/6
  1917 | D:2      | Learned a level 3 spell: Frozen Ramparts
  2003 | D:2      | Identified the +3 robe "Nuelogi" {Str-2 Dex+8 Slay-3}
  2826 | D:3      | Learned a level 3 spell: Ozocubu's Armour
  2846 | D:3      | Found an ancient bone altar of Kikubaaqudgha.
  2847 | D:3      | Noticed Ijyb
  2848 | D:3      | Paralysed by Ijyb for 7 turns
  3145 | D:3      | Found Tuasoonk's Distillery.
  3153 | D:3      | Bought a potion of curing for 30 gold pieces
  3153 | D:3      | Bought a potion of heal wounds for 50 gold pieces
  3153 | D:3      | Bought a potion of curing for 30 gold pieces
  3199 | D:3      | Reached XP level 4. HP: 21/30 MP: 3/8
  3200 | D:3      | Killed Ijyb
  3574 | D:3      | Found Qiahebri's Armour Boutique.
  3612 | D:3      | Found Doniol's Weapon Emporium.
  3651 | D:3      | Noticed a scorpion
  3658 | D:3      | Killed a scorpion
  3659 | D:3      | Reached XP level 5. HP: 11/35 MP: 5/9
  4092 | D:3      | Found a shadowy altar of Dithmenos.
  4148 | D:3      | Found a runed translucent door.
  4149 | D:3      | Noticed Crazy Yiuf
  4195 | D:4      | Found a broken altar of Ashenzari.
  4248 | D:4      | Became a worshipper of Ashenzari the Shackled
  4511 | D:4      | Noticed an ogre
  4523 | D:4      | Killed an ogre
  4524 | D:4      | Gained mutation: Spells you cast may paralyse adjacent
                  | enemies. [demonic ancestry]
  4524 | D:4      | Reached XP level 6. HP: 29/41 MP: 2/11
  5060 | D:4      | Found a faded altar of an unknown god.
  5060 | D:4      | Found a hazy altar of Hepliaklqana.
  5062 | D:4      | Found a faded altar of an unknown god.
  5285 | D:4      | Reached skill level 5 in Ice Magic
  5633 | D:5      | Entered Level 5 of the Dungeon
  5685 | D:5      | Learned a level 4 spell: Hailstorm
  5787 | D:5      | Gained mutation: You sometimes emit foul miasma when
                  | damaged in melee. [demonic ancestry]
  5787 | D:5      | Reached XP level 7. HP: 33/46 MP: 9/13
  6007 | D:5      | Reached skill level 1 in Conjurations
  6009 | D:5      | Found an opulent altar of Gozag.
  6167 | D:5      | Identified the +1 hand axe "Spiderslayer" {spect, Int+2}
  6191 | D:5      | Found a staircase to the Ecumenical Temple.
  6294 | D:5      | Found a bloodstained altar of Trog.
  6358 | D:5      | Reached * piety under Ashenzari
  6358 | D:5      | Identified a scroll of acquirement
  6359 | D:5      | Acquired the amulet of Highike {Acrobat Slay+5}
  6669 | D:6      | Noticed Maggie
  6682 | D:6      | Killed Maggie
  6683 | D:6      | Reached XP level 8. HP: 46/52 MP: 15/17
  6743 | D:6      | Found Mulafel's Overcharged Wands.
  6768 | D:6      | Found a snail-covered altar of Cheibriados.
  6816 | D:6      | Reached skill level 5 in Dodging
  6816 | D:6      | Reached skill level 5 in Spellcasting
  7194 | D:6      | Reached skill level 1 in Axes
  7209 | D:6      | Noticed Blork the orc
  7213 | D:6      | Killed Blork the orc
  7443 | D:6      | Noticed Prince Ribbit
  7464 | D:6      | Killed Prince Ribbit
  7997 | D:7      | Noticed Pikel
  8002 | D:7      | Killed Pikel
  8003 | D:7      | Reached XP level 9. HP: 50/57 MP: 19/19
  8583 | D:7      | Found Ethit's Magic Scroll Boutique.
  9064 | D:8      | Found an ornate altar of the Wu Jian Council.
  9071 | D:8      | Found a radiant altar of Vehumet.
  9074 | D:8      | Found a sacrificial altar of Ru.
  9182 | D:8      | Found a staircase to the Lair.
  9341 | D:8      | Reached ** piety under Ashenzari
  9351 | D:8      | Reached skill level 5 in Conjurations
  9449 | D:8      | Found a runed translucent gate.
  9449 | D:8      | Found a runed translucent gate.
  9449 | D:8      | Found a runed translucent gate.
  9457 | D:8      | Learned a level 5 spell: Freezing Cloud
  9462 | D:8      | Noticed sokol815's ghost (journeyman OpAM)
  9994 | D:8      | Killed sokol815's ghost
  9995 | D:8      | Reached skill level 1 in Air Magic
  9995 | D:8      | Reached XP level 10. HP: 41/63 MP: 19/22
 10157 | D:8      | Identified the -4 helmet of Reason {Harm Rampage}
 10214 | D:8      | Noticed a cyclops
 10223 | D:8      | Killed a cyclops
 10511 | Lair:1   | Entered Level 1 of the Lair of Beasts
 10736 | Lair:1   | Noticed a cane toad
 10745 | Lair:1   | Killed a cane toad
 10749 | Lair:1   | Noticed a lindwurm
 10759 | Lair:1   | Killed a lindwurm
 11192 | Lair:1   | Reached *** piety under Ashenzari
 11679 | Lair:2   | Reached **** piety under Ashenzari
 11883 | Lair:2   | Noticed a cane toad
 11890 | Lair:2   | Killed a cane toad
 12173 | Lair:2   | Reached skill level 1 in Evocations
 12204 | Lair:2   | Found a staircase to the Snake Pit.
 12354 | Lair:2   | Noticed a torpor snail
 12367 | Lair:2   | Killed a torpor snail
 12368 | Lair:2   | Gained mutation: You are partially covered in icy blue
                  | scales. (AC +2) [demonic ancestry]
 12368 | Lair:2   | Reached XP level 11. HP: 33/69 MP: 24/27
 12635 | Lair:2   | Noticed an eight-headed hydra
 12739 | D:6      | Bought a wand of iceblast (18) for 330 gold pieces
 12834 | Lair:2   | Killed an eight-headed hydra
 14185 | Lair:3   | Noticed a six-headed hydra
 14213 | Lair:3   | Killed a six-headed hydra
 15403 | Lair:4   | Reached skill level 5 in Air Magic
 15787 | Lair:4   | Gained mutation: You frequently emit foul miasma when
                  | damaged in melee. [demonic ancestry]
 15787 | Lair:4   | Reached XP level 12. HP: 49/75 MP: 29/29
 16008 | Lair:4   | Reached skill level 5 in Axes
 16998 | Lair:4   | Found a staircase to the Swamp.
 17331 | Lair:4   | Reached skill level 1 in Staves
 17895 | Lair:4   | Found a stormy altar of Qazlal.
 18759 | Lair:5   | Found a staircase to the Slime Pits.
 18802 | Lair:5   | Noticed a death yak
 18808 | Lair:5   | Killed a death yak
 18809 | Lair:5   | Noticed a death yak
 18810 | Lair:5   | Noticed a death yak
 18829 | Lair:5   | Killed a death yak
 18830 | Lair:5   | Killed a death yak
 19842 | Lair:5   | Learned a level 6 spell: Simulacrum
 19957 | Lair:6   | Entered Level 6 of the Lair of Beasts
 20141 | Lair:5   | Reached XP level 13. HP: 74/80 MP: 31/31
 20401 | Lair:5   | Reached skill level 1 in Necromancy
 20659 | Lair:6   | Reached skill level 10 in Ice Magic
 21600 | Lair:6   | Found the +2 hood of the Assassin {Detection Stab+ Stlth++}
 21996 | Lair:6   | Reached skill level 10 in Spellcasting
 22322 | Lair:6   | Reached skill level 10 in Dodging
 22346 | Lair:6   | Reached skill level 5 in Evocations
 22766 | Lair:6   | Reached skill level 1 in Fighting
 24143 | D:9      | Found a staircase to the Orcish Mines.
 24211 | D:9      | Found a burning altar of Makhleb.
 24226 | D:9      | Found Qailix's Lightly-Used Armoury.
 24458 | D:9      | Gained mutation: You have a tail ending in a sharp stinger.
                  | [demonic ancestry]
 24458 | D:9      | Reached XP level 14. HP: 80/98 MP: 32/32
 25693 | D:10     | Entered Level 10 of the Dungeon
 26669 | D:11     | Found Nefaj's Antique Weapon Emporium.
 26818 | D:11     | Found Furr's Assorted Antiques.
 26832 | D:11     | Found Qeziu's Book Shop.
 26846 | D:11     | Found Quanuim's Jewellery Shop.
 27174 | D:11     | Found Xeoppa's Antique Armour Boutique.
 27413 | D:12     | Identified the +6 scale mail of Gapod {MP+9}
 27414 | D:12     | Found a runed translucent gate.
 27414 | D:12     | Found a runed translucent gate.
 27415 | D:12     | Found a runed translucent gate.
 27754 | D:12     | Noticed WindUpCitrus's ghost (journeyman MiHu)
 28011 | D:12     | Reached skill level 1 in Short Blades
 28017 | D:12     | Reached skill level 5 in Necromancy
 28693 | D:12     | Noticed Amaemon
 28701 | D:12     | Killed Amaemon
 29042 | D:13     | Found a transporter.
 29606 | D:13     | Noticed Nessos
 29611 | D:13     | Killed Nessos
 29967 | D:13     | Found a transporter.
 29972 | D:13     | Noticed BubbleThief's ghost (journeyman OgBe)
 29990 | D:13     | Noticed Hemag's ghost (journeyman MiBe)
 29994 | D:13     | Noticed Rupert
 30220 | D:13     | Identified the +6 short sword of the Endless Expanse
                  | {protect, SInv Stlth+}
 31121 | D:13     | Found a gate to the Vaults.
 31121 | D:13     | Noticed an ironbound preserver
 31139 | D:13     | Killed an ironbound preserver
 31351 | D:13     | Found an ornate altar of the Wu Jian Council.
 32076 | D:14     | Learned a level 3 spell: Teleport Other
 32614 | D:14     | Reached skill level 1 in Translocations
 32615 | D:14     | Reached skill level 5 in Staves
 32957 | D:14     | Gained mutation: Spells you cast may paralyse nearby
                  | enemies. [demonic ancestry]
 32957 | D:14     | Reached XP level 15. HP: 73/113 MP: 27/34
 33106 | D:14     | Learned a level 6 spell: Dispersal
 33445 | D:14     | Reached skill level 5 in Fighting
 34122 | D:14     | Found an ancient bone altar of Kikubaaqudgha.
 34698 | D:15     | Entered Level 15 of the Dungeon
 34698 | D:15     | Noticed a fire giant
 34721 | D:15     | Killed a fire giant
 35231 | D:15     | Found a burning altar of Makhleb.
 35927 | D:15     | Found a staircase to the Depths.
 36646 | Orc:1    | Entered Level 1 of the Orcish Mines
 36867 | Orc:2    | Entered Level 2 of the Orcish Mines
 37639 | Orc:2    | Found a staircase to the Elven Halls.
 37647 | Orc:2    | Found Bimuepro's Magic Scroll Emporium.
 37647 | Orc:2    | Found Lieroxt's Armour Shop.
 37648 | Orc:2    | Found Ricuhun's Antique Weapon Boutique.
 37648 | Orc:2    | Found Ziysem's Weapon Emporium.
 37658 | Orc:2    | Reached skill level 5 in Translocations
 37782 | Orc:2    | Reached XP level 16. HP: 127/127 MP: 23/35
 37859 | Orc:2    | Bought a scroll of teleportation for 36 gold pieces
 37859 | Orc:2    | Bought a scroll of enchant weapon for 90 gold pieces
 37929 | Orc:2    | Found Qoacoguff's Book Boutique.
 38022 | Orc:2    | Found Qiuma's Mass Market.
 38033 | Orc:2    | Found Roghaor's Weapon Emporium.
 38102 | Orc:2    | Found Ryxtukle's Distillery.
 38110 | Orc:2    | Bought a potion of heal wounds for 70 gold pieces
 38110 | Orc:2    | Upgraded the game from 0.29-a0-270-g1586fc07ea to
                  | 0.29-a0-271-gd4eb659eea
 38122 | Orc:2    | Found an iron altar of Okawaru.
 39092 | Orc:2    | Bought the +8 mithril axe "Arga" {speed, Will+} for 1033
                  | gold pieces
 39092 | Orc:2    | Found the +8 mithril axe "Arga" {speed, Will+}
 39242 | Snake:1  | Entered Level 1 of the Snake Pit
 39376 | Snake:1  | Found Kuoshallum's Jewellery Shop.
 40195 | D:13     | Killed Rupert
 40802 | Snake:1  | Reached skill level 1 in Shields
 41272 | Snake:1  | Found Jubesch's Book Shoppe.
 41273 | Snake:1  | Found Guvikeil's Jewellery Boutique.
 41273 | Snake:1  | Found Jowna Zeder's Jewellery Boutique.
 43014 | Snake:1  | Learned a level 4 spell: Sticky Flame
 43710 | Snake:2  | Found a frozen archway.
 45100 | Snake:2  | Reached skill level 1 in Fire Magic
 50490 | Snake:3  | Found a runed translucent door.
 50504 | Snake:3  | Noticed drugrobin's ghost (adept DgFi)
 50999 | Snake:3  | Reached XP level 17. HP: 120/138 MP: 31/36
 52072 | Snake:4  | Entered Level 4 of the Snake Pit
 54796 | Snake:4  | Learned a level 5 spell: Lightning Bolt
 55350 | Snake:4  | Identified the +8 hand crossbow of Kosiw {freeze, rN+}
 57436 | Snake:4  | Reached skill level 10 in Fighting
 58559 | Snake:4  | Got a serpentine rune of Zot
 59674 | Snake:4  | Upgraded the game from 0.29-a0-271-gd4eb659eea to
                  | 0.29-a0-275-g389c0b56f3
 59847 | Swamp:1  | Entered Level 1 of the Swamp
 59858 | Swamp:1  | HP: 7/140 [poison]
 61182 | Snake:1  | Bought the ring "Buatef" {rPois rCorr EV+4 Str-3 Dex+4} for
                  | 768 gold pieces
 63406 | Swamp:1  | Learned a level 6 spell: Iron Shot
 64865 | Swamp:2  | Gained mutation: You have a sharp stinger which inflicts
                  | weakening toxins. [demonic ancestry]
 64865 | Swamp:2  | Reached XP level 18. HP: 128/147 MP: 26/36
 64903 | Swamp:2  | Reached skill level 1 in Earth Magic
 66631 | Swamp:2  | Noticed Nikola
 67101 | Swamp:2  | Killed Nikola
 67695 | D:11     | Learned a level 4 spell: Airstrike
 69930 | Swamp:4  | Entered Level 4 of the Swamp
 71604 | Swamp:4  | Found a runed translucent door.
 72716 | Swamp:4  | Reached skill level 10 in Conjurations
 73719 | Elf:1    | Entered Level 1 of the Elven Halls
 74563 | Elf:1    | Identified the Grimoire of Conjuration
 76326 | Elf:2    | Noticed Asterion
 76337 | Elf:2    | Killed Asterion
 76785 | Elf:2    | Identified the +9 rapier of Fundamental Breach {protect,
                  | Int+4}
 77022 | Elf:2    | Identified the +7 whip of Eternal Harmony {elec, *Slow rC+
                  | Dex+4}
 77298 | Elf:2    | Found a runed translucent gate.
 77298 | Elf:2    | Found a runed translucent gate.
 77298 | Elf:2    | Found a runed translucent gate.
 78628 | Elf:2    | Noticed Donald
 78632 | Elf:2    | Killed Donald
 78662 | Elf:2    | Gained mutation: You are mostly covered in icy blue scales.
                  | (AC +3) [demonic ancestry]
 78662 | Elf:2    | Reached XP level 19. HP: 90/155 MP: 3/38
 81146 | Elf:3    | Entered Level 3 of the Elven Halls
 81368 | Elf:3    | Reached skill level 5 in Earth Magic
 82450 | Elf:3    | Noticed a Tzitzimitl
 82451 | Elf:3    | Noticed a Brimstone Fiend
 83095 | Elf:3    | Identified the +5 leather armour "Veakhliyr" {Int+4}
 83830 | Elf:3    | Identified the +9 dagger "Kamaanuj" {flame, Int+4}
 83959 | Elf:3    | Identified the +1 chain mail "Duasash" {Rampage}
 83959 | Elf:3    | Identified the ring "Wynuedan" {Ice rCorr}
 85042 | Elf:3    | Identified the +8 quarterstaff "Jimnoovuo" {vorpal, Dex+5}
 85432 | Elf:3    | Identified the +11 halberd of the Barnacled God {spect,
                  | rN++}
 85998 | Elf:3    | Reached skill level 10 in Axes
 86405 | Elf:3    | Identified the Papyrus of the Dusty Glacier
 86423 | Elf:3    | Learned a level 5 spell: Borgnjor's Vile Clutch
 86454 | Elf:3    | Identified the Disquisition on the Volcanoes and Attacks
 86881 | Snake:1  | Bought the ring of Qaghiate {Wiz Contam rN+ Int+2 Slay+4}
                  | for 962 gold pieces
 88190 | Swamp:4  | Identified the +7 short sword of Yhittim {vamp, Str+6}
 90032 | D:13     | Killed BubbleThief's ghost
 90074 | D:13     | Killed Hemag's ghost
 90832 | Swamp:4  | Noticed a bone dragon
 90849 | Swamp:4  | Killed a bone dragon
 90853 | Swamp:4  | Got a decaying rune of Zot
 91574 | Vaults:1 | Entered Level 1 of the Vaults
 91577 | Vaults:1 | Found a huge runed gate.
 91577 | Vaults:1 | Found a huge runed gate.
 91577 | Vaults:1 | Found a huge runed gate.
 91577 | Vaults:1 | Found a huge runed gate.
 91577 | Vaults:1 | Found a huge runed gate.
 91578 | Vaults:1 | Found a huge runed gate.
 91578 | Vaults:1 | Found a huge runed gate.
 91578 | Vaults:1 | Found a huge runed gate.
 91578 | Vaults:1 | Found a huge runed gate.
 91578 | Vaults:1 | Found a huge runed gate.
 91579 | Vaults:1 | Found a huge runed gate.
 91579 | Vaults:1 | Found a huge runed gate.
 91580 | Vaults:1 | Found a huge runed gate.
 91581 | Vaults:1 | Found a huge runed gate.
 91582 | Vaults:1 | Found a huge runed gate.
 91673 | Vaults:1 | Found a huge runed gate.
 91674 | Vaults:1 | Found a huge runed gate.
 91675 | Vaults:1 | Found a huge runed gate.
 91676 | Vaults:1 | Found a huge runed gate.
 91684 | Vaults:1 | Found a huge runed gate.
 91684 | Vaults:1 | Found a huge runed gate.
 91684 | Vaults:1 | Found a huge runed gate.
 91684 | Vaults:1 | Found a huge runed gate.
 91684 | Vaults:1 | Found a huge runed gate.
 91684 | Vaults:1 | Found a huge runed gate.
 91765 | Vaults:1 | Reached XP level 20. HP: 159/161 MP: 38/38
 94638 | Vaults:1 | Found Wogejua's General Store.
 94725 | Vaults:1 | Found a huge runed gate.
 94725 | Vaults:1 | Found a huge runed gate.
 94725 | Vaults:1 | Found a huge runed gate.
 94731 | Vaults:1 | Found a huge runed gate.
 94731 | Vaults:1 | Found a huge runed gate.
 94731 | Vaults:1 | Found a huge runed gate.
 94731 | Vaults:1 | Found a huge runed gate.
 94731 | Vaults:1 | Found a huge runed gate.
 94732 | Vaults:1 | Found a huge runed gate.
 94733 | Vaults:1 | Found a huge runed gate.
 94734 | Vaults:1 | Found a huge runed gate.
 96411 | Vaults:2 | Reached skill level 10 in Necromancy
 97324 | Vaults:2 | Found a staircase to the Crypt.
 97324 | Vaults:2 | Found a basalt altar of Yredelemnul.
 97325 | Vaults:2 | Found an ancient bone altar of Kikubaaqudgha.
 97744 | Vaults:2 | Reached skill level 1 in Crossbows
 97906 | Vaults:2 | Reached XP level 21. HP: 171/172 MP: 41/41
 98314 | Vaults:2 | Found a portal to a secret trove of treasure.
 98741 | Vaults:2 | Found Afoshro's Antique Armour Boutique.
 98988 | Vaults:2 | Reached skill level 5 in Shields
100753 | Vaults:3 | HP: 7/172 [vault warden/bolt (9)]
105119 | Vaults:4 | Noticed Aizul
105131 | Vaults:4 | Killed Aizul
106433 | Vaults:5 | Entered Level 5 of the Vaults
107573 | Vaults:5 | Noticed Xtahua
107805 | Vaults:4 | Reached XP level 22. HP: 180/181 MP: 30/42
108173 | Vaults:4 | Learned a level 6 spell: Death Channel
108909 | Vaults:5 | Noticed a golden dragon
108913 | Vaults:5 | Noticed a golden dragon
108914 | Vaults:5 | HP: 8/181 [poisoned by a vault guard]
109163 | Vaults:5 | Noticed a golden dragon
109307 | Vaults:5 | Noticed a golden dragon
109648 | Vaults:5 | Reached skill level 5 in Crossbows
109749 | Vaults:5 | Noticed a golden dragon
109750 | Vaults:5 | Killed from afar by a deep elf sorcerer

Illustrated notes

Levels and vault maps discovered:
D:1:      ldierk_water_garden, layout_loops_ring,
          chequers_ecumenical_altar_simple, kennysheep_pointless_box
D:2:      layout_loops_ring
D:3:      layout_loops_ring, grunt_dithmenos_smoke_and_mirrors,
          mainiacjoe_overflow_concentric_impassable, serial_shops, shop, shop,
          nicolae_lakefront_shop, hex_medium, minmay_diced_spiral, uniq_ijyb,
          uniq_crazy_yiuf_cottage
D:4:      layout_rooms, ashenzari_altar_1,
          nicolae_hepliaklqana_ecumenical_no_more
D:5:      layout_loops_ring, nicolae_gozag_seed_capital, trog_book,
          minmay_temple_entry_proselytizer
D:6:      layout_loops_corners, nicolae_overflow_hidden_temple, minivault_25,
          nicolae_shop_overcharged_wands, uniq_prince_ribbit1, uniq_maggie,
          uniq_blork_the_orc
D:7:      layout_loops_ring, serial_shops, shop_fountains, uniq_pikel
D:8:      layout_loops_corners, minitemple, lair_entry_dummy,
          biasface_ghost_orc_armoury
D:9:      layout_cave_pools, overflow_temple_1_default, hiddenorc2_lemuel,
          chequers_serial_rivers_micro_c, minmay_shop_damaged, evilmike_minifort
D:10:     layout_basic, nicolae_overflow_crystal_walls, serial_bayou_pond_d,
          palyth_stone_intersect, dk_noncrumbling_2
D:11:     layout_irregular_city, serial_shops, kennysheep_little_box, shop,
          nicolae_shop_hallway_stairs, nicolae_stop_n_shop_1, shop
D:12:     layout_basic, ebering_ghost_rock_garden, uniq_amaemon
D:13:     layout_big_octagon, skrybe_vaults_entry_preservation,
          nzn_ghost_randoct, nicolae_wu_jian_immortal_techniques, uniq_rupert,
          uniq_nessos
D:14:     layout_basic, kiku_gazebo_garden_becter
D:15:     gammafunk_enter_depths_forms, layout_rooms, bloody_makhleb,
          st_stairs_14, grunt_ministairs_6
Lair:1:   layout_gridlike, serial_rivers, chequers_serial_rivers_room_a,
          chequers_serial_rivers_micro_a, chequers_serial_rivers_small_a,
          chequers_serial_rivers_micro_e, chequers_serial_rivers_large_a,
          chequers_serial_rivers_micro_c, lemuel_fruit_tree
Lair:2:   layout_small_grid, guppyfry_snake_entry_island, grunt_megastairs_2
Lair:3:   layout_long_grid
Lair:4:   regret_index_wax_grids, layout_hall_layers, minmay_swamp_entry_worms,
          minmay_stone_trees_medium, lemuel_centaur_altar
Lair:5:   layout_roguey, dpeg_slime_entry_corner
Lair:6:   minmay_lair_end_frog_pond, layout_hall_layers,
          amcnicky_mini_pool_medium, serial_bayou_shore_b
Swamp:1:  layout_basic_swamp, hangedman_swamp_ruin_wall,
          nicolae_swamp_hydra_murder_den
Swamp:2:  layout_basic_swamp, evilmike_swamp_ruin_wall, uniq_nikola
Swamp:3:  layout_basic_swamp, serial_swamp_ruin, evilmike_swamp_ruin_house_1,
          evilmike_swamp_ruin_rubble_1
Swamp:4:  swamp_pestilence, layout_basic_swamp, nzn_swamp_weyward_sisters
Snake:1:  layout_basic, serial_shops, nicolae_shop_crystal, grunt_megastairs_3,
          serial_bayou_shore_a, minmay_shop_grove
Snake:2:  layout_gridlike, portal_ice_cave_entry_ice_simulacra
Snake:3:  layout_gridlike, ebering_ghost_inner_flame, grunt_megastairs_4
Snake:4:  grunt_snake_rune_pools, layout_cave_town, nicolae_snake_snakewalk
Orc:1:    layout_caves, kennysheep_orc_chapel
Orc:2:    st_orc_ogre_mass, layout_diamond_mine, serial_shops,
          nicolae_shop_trees, nicolae_shop_trees, nicolae_shop_trees,
          basic_altar, minmay_shop_mass, david_defended_altar_orc
Elf:1:    layout_onion_city, minmay_elf_annihilation
Elf:2:    nicolae_elf_blades_splatter_lattice
          [nicolae_blade_entry_sentries_behind_glass], layout_geoelf_octagon,
          portal_desolation_entry_salt, uniq_asterion, uniq_donald
Elf:3:    minmay_elf_hall_spiked, layout_onion_city
Vaults:1: v_misc_25, door_vault, nicolae_vaults_network_s, grunt_vaults_twisty,
          nicolae_vaults_arrows, vaults_room_semicircle, v_misc_9,
          vaults_dpeg_encased_lava, v_rooms_1, ontoclasm_vaults_misaligned,
          ontoclasm_vaults_eye, vaults_room_pools, layout_vaults_maze_snakey,
          serial_shops, shop_fountains
Vaults:2: grunt_vaults_swirl, minmay_crypt_entry_necro_gods, v_rooms_4,
          v_pattern_5, grunt_vaults_funnel, layout_vaults_omnigrid,
          enter_trove_1, serial_shops, nicolae_shop_hallway_stairs
Vaults:3: v_misc_27, hangedman_vaults_hat, v_misc_10,
          ontoclasm_vaults_ring_square, ontoclasm_vaults_decontamination,
          nicolae_vaults_little_squares_3, ontoclasm_vaults_gateway,
          nicolae_vaults_network_square, layout_vaults_omnicross, uniq_margery
Vaults:4: st_squares, v_pattern_4, v_alt_pattern_3, hangedman_vaults_slither,
          ontoclasm_vaults_ligature, ontoclasm_vaults_spin,
          nicolae_vaults_yaktaur_gun_rack, nicolae_vaults_shelves_hall,
          nicolae_vaults_shelves_hall, layout_vaults_omnibox, uniq_aizul
Vaults:5: uniq_xtahua

Skill      XL: |  1  2  3  4  5  6  7  8  9 10 11 12 13 14 15 16 17 18 19 20 21 22 |
---------------+-------------------------------------------------------------------+-----
Dodging        | 2 3 4 5 6 7 8 9 10 12 13 14 | 14.8
Stealth        | 2 |  2.8
Ice Magic      | 4 5 6 7 8 9 10 11 12 | 12.8
Spellcasting   | 3 4 5 6 7 8 9 10 11 12 13 14 | 14.2
Conjurations   | 2 4 5 6 8 9 10 11 12 13 | 13.4
Axes           | 2 3 4 5 6 7 9 10 11 12 | 12.4
Air Magic      | 1 3 5 6 7 8 |  8.5
Evocations     | 1 2 3 5 6 |  6.9
Staves         | 2 4 5 7 |  7.5
Necromancy     | 4 5 7 8 10 11 | 11.3
Fighting       | 1 4 7 9 10 11 12 13 14 | 14.5
Short Blades   | 2 |  2.5
Translocations | 1 5 7 8 9 |  9.9
Shields        | 3 4 6 |  6.9
Fire Magic     | 2 |  2.5
Earth Magic    | 4 6 7 |  7.7
Crossbows      | 1 4 5 |  5.1

Action                   |  1- 3 |  4- 6 |  7- 9 | 10-12 | 13-15 | 16-18 | 19-21 | 22-24 || total
-------------------------+-------+-------+-------+-------+-------+-------+-------+-------++-------
Melee: Unarmed           |    12 |       |       |       |       |       |       |       ||    12
       Short sword       |    49 |   109 |     8 |     2 |       |       |       |     8 ||   176
       Tailslap          |     5 |    16 |    21 |    73 |   149 |   156 |   304 |     6 ||   730
       Hand axe          |       |       |   116 |   342 |     5 |       |       |       ||   463
       Punch             |       |       |     2 |     1 |     2 |     1 |       |       ||     6
       Whip              |       |       |       |     3 |       |       |       |       ||     3
       Quarterstaff      |       |       |       |     8 |   425 |    60 |       |       ||   493
       Dagger            |       |       |       |       |   217 |       |       |       ||   217
       Broad axe         |       |       |       |       |       |   854 |  1158 |    27 ||  2039
 Fire: Hand crossbow     |       |       |       |       |       |       |    46 |     4 ||    50
Throw: Dart              |       |       |       |     1 |     1 |     1 |       |       ||     3
 Cast: Freeze            |    47 |     2 |     8 |    19 |    18 |    15 |     2 |       ||   111
       Frozen Ramparts   |     1 |     9 |     6 |    26 |    39 |    25 |    18 |       ||   124
       Ozocubu's Armour  |       |     1 |     1 |     5 |    10 |     8 |     9 |       ||    34
       Hailstorm         |       |       |     2 |    18 |   104 |   102 |     4 |       ||   230
       Freezing Cloud    |       |       |       |    10 |    59 |   158 |    31 |     1 ||   259
       Simulacrum        |       |       |       |       |    13 |     5 |       |       ||    18
       Teleport Other    |       |       |       |       |     5 |     8 |       |       ||    13
       Lightning Bolt    |       |       |       |       |       |    85 |    17 |     1 ||   103
       Sticky Flame      |       |       |       |       |       |     8 |       |       ||     8
       Airstrike         |       |       |       |       |       |    54 |   286 |    35 ||   375
       Iron Shot         |       |       |       |       |       |    12 |    58 |    23 ||    93
       Dispersal         |       |       |       |       |       |     1 |    12 |     5 ||    18
       Borgnjor's Vile C |       |       |       |       |       |       |     7 |     1 ||     8
Invok: Curse Item        |       |     1 |     2 |     3 |       |     1 |     1 |       ||     8
       Shatter the Chain |       |       |       |       |       |       |     1 |       ||     1
Evoke: Wand              |       |       |     1 |     6 |    25 |    54 |    24 |     2 ||   112
       Lightning rod     |       |       |       |       |       |       |     9 |     1 ||    10
       Tin of tremorston |       |       |       |       |       |       |     2 |     2 ||     4
  Use: Scroll            |     3 |    10 |     1 |     3 |     4 |    13 |    13 |     5 ||    52
       Potion            |     2 |     1 |     1 |     3 |     6 |    20 |     8 |    13 ||    54
 Stab: Sleeping          |     4 |     5 |     4 |     5 |    12 |    14 |    21 |       ||    65
       Paralysed         |       |       |     5 |    21 |    51 |    28 |    19 |     1 ||   125
       Distracted        |       |       |     1 |     4 |     4 |     3 |     1 |       ||    13
       Confused          |       |       |       |       |       |       |     6 |       ||     6
       Invisible         |       |       |       |       |       |       |       |     3 ||     3
Armor: Robe              |    21 |    28 |    20 |   116 |   168 |   162 |   177 |     4 ||   696
Dodge: Dodged            |    55 |   100 |   118 |   439 |   610 |   724 |   908 |    23 ||  2977
Block: Buckler           |       |       |       |       |       |   250 |   190 |       ||   440
       Kite shield       |       |       |       |       |       |       |   285 |    24 ||   309
       Reflection        |       |       |       |       |       |       |    25 |     5 ||    30

Table legend: (Time is in decaauts)
 A = Elapsed time spent in this place.
 B = Non-inter-level travel time spent in this place.
 C = Inter-level travel time spent in this place.
 D = Time resting spent in this place.
 E = Time spent auto-exploring this place.
 F = Levels seen in this place.
 G = Mean time per level.
                   A        B        C        D        E       F      G
               +--------+--------+--------+--------+--------+-----+--------+
         Total | 109833 | 103046 |   6787 |  59449 |  23711 |  39 | 2816.2 |
       Dungeon |  24843 |  23149 |   1694 |   9547 |   9165 |  15 | 1656.2 |
          Lair |  17793 |  15977 |   1816 |   8623 |   4996 |   6 | 2965.5 |
         Swamp |  13218 |  12434 |    784 |   8726 |   1100 |   4 | 3304.5 |
     Snake Pit |  20825 |  19519 |   1306 |  13503 |   2445 |   4 | 5206.2 |
  Orcish Mines |   2595 |   2362 |    233 |    732 |   1083 |   2 | 1297.5 |
   Elven Halls |  13073 |  12501 |    572 |   8090 |   1273 |   3 | 4357.7 |
        Vaults |  17483 |  17105 |    378 |  10227 |   3648 |   5 | 3496.6 |
               +--------+--------+--------+--------+--------+-----+--------+

Top non-repeatable levels by time:
 Snake:4: 7710 daAuts
  Lair:4: 6952 daAuts
   Elf:2: 5792 daAuts
 Snake:1: 5548 daAuts
Vaults:4: 5310 daAuts
   Elf:3: 5051 daAuts
 Swamp:4: 4945 daAuts
Vaults:1: 4100 daAuts
 Snake:3: 4004 daAuts
Vaults:2: 3948 daAuts
 Snake:2: 3562 daAuts
 Swamp:2: 3330 daAuts
    D:13: 3310 daAuts
Vaults:3: 3273 daAuts
  Lair:6: 3149 daAuts
